 Dungeon Crawl Stone Soup version 0.27.0-1-g7a089689b8 (webtiles) character file.

Game seed: 14218300433915795810

6692 Anothat the Blocker (level 10, -15/94 HPs)
             Began as a Deep Dwarf Fighter on July 31, 2021.
             Killed from afar by a tengu conjurer (20 damage)
             ... with a bolt of lightning
             ... led by a tengu conjurer
             ... on level 10 of the Dungeon.
             The game lasted 00:21:07 (7703 turns).

Anothat the Blocker (Deep Dwarf Fighter)            Turns: 7703, Time: 00:21:07

Health: -15/94     AC: 16    Str: 23    XL:     10   Next: 74%
Magic:  0/0        EV:  5    Int:  9    God:
Gold:   450        SH: 12    Dex: 12    Spells: 9/9 levels left

rFire    . . .     SeeInvis .   a - +0 war axe
rCold    + . .     Faith    .   c - +0 kite shield
rNeg     . . .     Spirit   .   d - +1 plate armour {rC+}
rPois    .         Reflect  .   y - +1 hat
rElec    .         Harm     .   (no cloak)
rCorr    .         Rampage  .   w - +2 pair of gloves
Will     +....                  (no boots)
Stlth    ..........             (no amulet)
HPRegen  0.00/turn              (no ring)
MPRegen  0.07/turn              (no ring)

@: no status effects
A: damage resistance, heal wounds, sense surroundings 2, no regeneration
a: Heal Wounds


You were on level 10 of the Dungeon.
You visited 2 branches of the dungeon, and saw 11 of its levels.

You collected 450 gold pieces.

Inventory:

Hand Weapons
 a - a +0 war axe (weapon)
Missiles
 l - 4 throwing nets
 z - 6 silver javelins
Armour
 b - a +0 scale mail
 c - a +0 kite shield (worn)
 d - a +1 plate armour of cold resistance (worn)
 k - a +0 pair of gloves
 t - a +0 plate armour
 u - a +0 pair of gloves
 w - a +2 pair of gloves (worn)
 y - a +1 hat (worn)
Jewellery
 f - an amulet of magic regeneration
 r - a ring of wizardry
Wands
 i - a wand of polymorph (1)
 j - a wand of flame (39)
 x - a wand of iceblast (1)
Scrolls
 e - 4 scrolls of fog
 g - 3 scrolls of identify
 h - 4 scrolls of teleportation
 m - a scroll of blinking
 n - a scroll of amnesia
 s - 2 scrolls of enchant weapon
 A - a scroll of noise
Potions
 o - a potion of degeneration
 p - 2 potions of lignification
 q - a potion of resistance
 v - 2 potions of flight
 B - 2 potions of haste


   Skills:
 + Level 7.1 Fighting
 * Level 11.2 Axes
 - Level 3.2 Armour
 * Level 11.5 Shields
 - Level 4.1 Evocations


You had 9 spell levels left.
You didn't know any spells.
Your spell library contained the following spells:

 Spells                   Type           Power      Damage    Failure   Level
 Animate Skeleton         Necr           0%         N/A       100%        1
 Apportation              Tloc           0%         N/A       100%        1
 Corona                   Hex            0%         N/A       100%        1
 Foxfire                  Conj/Fire      0%         2x1d4     100%        1
 Summon Small Mammal      Summ           0%         N/A       100%        1
 Blink                    Tloc           N/A        N/A       100%        2
 Corpse Rot               Necr/Air       N/A        N/A       100%        2
 Ensorcelled Hibernation  Hex/Ice        0%         N/A       100%        2
 Poisonous Vapours        Pois/Air       0%         N/A       100%        2
 Slow                     Hex            0%         N/A       100%        2
 Confusing Touch          Hex            0%         N/A       100%        3
 Conjure Flame            Conj/Fire      0%         6-21      100%        3
 Dazzling Flash           Conj/Hex       0%         N/A       100%        3
 Inner Flame              Hex/Fire       0%         N/A       100%        3
 Stone Arrow              Conj/Erth      0%         3d7       100%        3
 Tukima's Dance           Hex            0%         N/A       100%        3
 Animate Armour           Summ/Erth      0%         N/A       100%        4
 Agony                    Necr           0%         N/A       100%        5
 Freezing Cloud           Conj/Ice/Air   0%         6-21      100%        5
 Manifold Assault         Tloc           0%         N/A       100%        5
 Silence                  Hex/Air        0%         N/A       100%        5
 Yara's Violent Unravell  Hex/Tmut       0%         3d3       100%        5
 Storm Form               Tmut/Air       0%         N/A       100%        7
 Lehudib's Crystal Spear  Conj/Erth      0%         10d2      100%        8


Dungeon Overview and Level Annotations

Branches:
Dungeon (10/15)            Temple (1/1) D:7            Lair (0/6) D:9
    Orc: D:9-12

Altars:
Ashenzari
Cheibriados
Dithmenos
Elyvilon
Fedhas
Gozag
Hepliaklqana
Kikubaaqudgha
Okawaru
Qazlal
Ru
Sif Muna
Trog
Uskayaw
Vehumet
Wu Jian
Xom
Yredelemnul
Zin
Beogh

Shops:
D:6 =*   D:8 =


Innate Abilities, Weirdness & Mutations

You are resistant to damage.
You can heal yourself by infusing magical energy.
You passively map the area around you.
You do not regenerate.


Message History

The orc priest invokes the aid of Beogh against you.
You resist with some effort.
You slash the orc priest!
You kill the orc priest!
Okay, then.
Okay, then.
You enter the shallow water.
Moving in this stuff is going to be slow.
Found a stone staircase leading up.
Found a spear.
A tengu conjurer comes into view.
The tengu conjurer shouts!
A tengu conjurer comes into view.
Aiming: Throw Flame
Press: ? - help, Shift-Dir - straight line, f - tengu conjurer
Aim: a tengu conjurer (46% to hit)
The puff of flame misses the tengu conjurer.
The puff of flame hits the tengu conjurer!
The tengu conjurer is moderately wounded.
The tengu conjurer shouts!
The tengu conjurer gestures wildly while chanting.
The tengu conjurer conjures a globe of magical energy!
A battlesphere comes into view.
Aiming: Iceblast
Press: ? - help, Shift-Dir - straight line, f/p - tengu conjurer
Aim: a tengu conjurer The mass of ice explodes!
The iceblast engulfs the tengu conjurer!!
The tengu conjurer is almost dead.
The tengu conjurer casts a spell at you.
The bolt of lightning misses you.
Aiming: Iceblast
Press: ? - help, Shift-Dir - straight line, f/p - tengu conjurer
Aim: a tengu conjurer (almost dead)
The mass of ice explodes!
The iceblast engulfs the tengu conjurer!!
You kill the tengu conjurer!
The tengu conjurer points at you and mumbles some strange words.
The bolt of lightning hits you!!
You die...

#############
**#######...........######
* *
..................##....
**
,..................##.###
, , ,
*Q.....@..........##.... ,
.....).................. ,
,,
#######................. ,
, #.............#### ,,
#.............#.., , ,*
#.............#.# , *
#.............#.## , , ,
.................. , , *
*.#######...#.##


You could see a tengu conjurer and a battlesphere.

Vanquished Creatures
  Harold (D:7)
  Pikel (D:6)
  A tengu conjurer (D:10)
  Prince Ribbit (D:9)
  2 hornets
  Grinder (D:5)
  9 yaks (D:8)
  A warg (D:10)
  Duvessa (D:5)
  An acid dragon (D:7)
  A water moccasin (D:5)
  2 orc warriors
  2 black bears
  A necrophage (D:7)
  An ice beast (D:7)
  2 ogres
  6 centaurs
  A lemure (D:6)
  A phantom (D:5)
  A kobold brigand (D:7)
  4 bullfrogs
  4 scorpions
  A wyvern zombie (D:7)
  2 water moccasin skeletons (D:5)
  Dowan (D:5)
  3 howler monkeys (D:8)
  3 centaur zombies
  3 hounds
  A jelly (D:5)
  7 orc priests
  3 iguanas (D:4)
  4 orc wizards
  A scorpion zombie (D:3)
  A hound zombie (D:3)
  2 hound skeletons
  A howler monkey skeleton (D:7)
  11 adders
  A shadow imp (D:7)
  An ufetubus (D:6)
  An adder zombie (D:3)
  An adder skeleton (D:3)
  4 worms
  A dart slug (D:3)
  23 orcs
  7 ball pythons
  5 endoplasms
  4 giant cockroaches
  7 goblins
  4 hobgoblins
  4 jackals (D:3)
  3 quokkas (D:2)
  A ball python zombie (D:3)
  6 bats
  5 frilled lizards
  10 kobolds
  A quokka skeleton (D:3)
  5 rats
183 creatures vanquished.

Vanquished Creatures (others)
  A fungus (D:9)
  12 plants (D:9)
  4 withered plants (D:3)
17 creatures vanquished.

Grand Total: 200 creatures vanquished

Notes
Turn   | Place    | Note
-------+----------+-------------------------------------------
     0 | D:1      | Anothat the Deep Dwarf Fighter began the quest for the Orb.
     0 | D:1      | Reached XP level 1. HP: 20/20 MP: 1/1
   311 | D:1      | Reached XP level 2. HP: 21/27 MP: 2/2
   333 | D:1      | Noticed a shining eye
   335 | D:1      | Found a faded altar of an unknown god.
   351 | D:1      | Noticed a great orb of eyes
   351 | D:1      | Noticed a floating eye
   351 | D:1      | Noticed a floating eye
   745 | D:2      | Reached XP level 3. HP: 14/34 MP: 3/3
   827 | D:2      | Reached XP level 4. HP: 39/42 MP: 4/4
  1239 | D:3      | Reached XP level 5. HP: 28/49 MP: 5/5
  1280 | D:3      | You fall into a shaft and drop 3 floors!
  1280 | D:6      | Noticed a centaur
  1284 | D:6      | Killed a centaur
  1285 | D:6      | Reached skill level 5 in Shields
  1287 | D:6      | Reached XP level 6. HP: 29/57 MP: 6/6
  1357 | D:6      | Reached skill level 5 in Axes
  1381 | D:6      | Found Xurchu's Assorted Antiques.
  1441 | D:6      | Reached XP level 7. HP: 21/64 MP: 7/7
  1586 | D:6      | Noticed Pikel
  1637 | D:6      | Killed Pikel
  1638 | D:6      | Reached XP level 8. HP: 44/73 MP: 6/6
  1875 | D:5      | Entered Level 5 of the Dungeon
  1921 | D:5      | Noticed Dowan
  1922 | D:5      | Noticed Duvessa
  1928 | D:5      | Killed Dowan
  1941 | D:5      | HP: 2/73 [Duvessa (10)]
  1956 | D:5      | Killed Duvessa
  2100 | D:5      | Noticed Grinder
  2114 | D:5      | Reached skill level 5 in Fighting
  2123 | D:5      | Killed Grinder
  2356 | D:5      | Reached skill level 1 in Evocations
  2985 | D:5      | Gained mutation: You passively map the area around you.
                  | [Deep Dwarf growth]
  2985 | D:5      | Reached XP level 9. HP: 35/81 MP: 4/4
  3836 | D:4      | Found a snail-covered altar of Cheibriados.
  4417 | D:6      | Found Emeiq's Jewellery Boutique.
  4666 | D:6      | Found a broken altar of Ashenzari.
  4837 | D:7      | Noticed Harold
  4848 | D:7      | Killed Harold
  5033 | D:7      | Paralysed by a hornet for 1 turns
  5090 | D:7      | Reached skill level 10 in Shields
  5126 | D:7      | Found a staircase to the Ecumenical Temple.
  5176 | Temple   | Entered the Ecumenical Temple
  5409 | D:7      | Found a blossoming altar of Fedhas.
  5763 | D:7      | Found a bloodstained altar of Trog.
  6106 | D:8      | Reached XP level 10. HP: 9/91 MP: 3/3
  6227 | D:8      | Reached skill level 10 in Axes
  6558 | D:8      | Found Rojohull's Jewellery Shop.
  7339 | D:9      | Noticed Prince Ribbit
  7350 | D:9      | Killed Prince Ribbit
  7533 | D:10     | Entered Level 10 of the Dungeon
  7703 | D:10     | Killed from afar by a tengu conjurer

Illustrated notes

Levels and vault maps discovered:
D:1:      dpeg_arrival_circle_labyrinth_c, layout_rooms,
          hellmonk_ecumenical_altar_watching_god
D:2:      layout_basic
D:3:      layout_rooms, serial_undead, serial_undead_a, serial_undead_e,
          serial_undead_a, serial_undead_f, serial_undead_b, serial_undead_f,
          serial_undead_b, serial_undead_b
D:4:      layout_loops_corners, cheibrodos_worm_habitat
D:5:      layout_layer_cave, kennysheep_cluttered_room, chequers_avenue,
          grunt_ministairs_7, kennysheep_generic_room_15, uniq_duvessa,
          uniq_grinder
D:6:      layout_basic, ashenzari_conservatory_becter, serial_shops, shop, shop,
          serial_park_tiny_pond, hangedman_abyss_or_decor_stabs, uniq_pikel
D:7:      layout_loops_cross, kennysheep_little_box, fedhas_altar_fruit_tree,
          minmay_temple_entry_overgrown, minmay_misc_feat_x,
          minmay_misc_feat_tower, david_defended_altar_orc, uniq_harold
D:8:      lemuel_ice_spiral_2, layout_basic, serial_glass, glass_columns_a,
          glass_columns_a, glass_columns_a, glass_columns_a, glass_columns_a,
          glass_columns_b, serial_shops, nicolae_stop_n_shop_1
D:9:      layout_roguey, grunt_lair_entry_orc_guard_hut, serial_bayou_lagoon_b,
          uniq_prince_ribbit1
D:10:     layout_basic, amethyst_overflow_temple_binary,
          mainiacjoe_overflow_boulevard, erik_orc_4
Temple:   minmay_freezing_vapour_temple

Skill      XL: |  1  2  3  4  5  6  7  8  9 10 |
---------------+-------------------------------+-----
Fighting       | 3 4 5 6 7 |  7.1
Axes           | 3 4 5 7 8 9 11 | 11.2
Shields        | 4 5 6 7 8 10 11 | 11.5
Evocations     | 1 4 |  4.1
Armour         | |  3.2

Action                   |  1- 3 |  4- 6 |  7- 9 | 10-12 || total
-------------------------+-------+-------+-------+-------++-------
Melee: War axe           |    87 |    87 |   346 |   199 ||   719
       Unarmed           |       |       |     3 |       ||     3
 Abil: Heal Wounds       |     1 |     1 |    21 |     9 ||    32
Evoke: Wand              |       |       |     1 |    19 ||    20
  Use: Potion            |       |     3 |     3 |       ||     6
       Scroll            |       |       |       |    14 ||    14
Armor: Scale mail        |    51 |    62 |    47 |       ||   160
       Skin              |       |       |     2 |       ||     2
       Plate armour      |       |       |    59 |    89 ||   148
Dodge: Dodged            |    41 |    43 |    74 |    27 ||   185
Block: Kite shield       |    53 |    66 |   211 |   118 ||   448
